 Dungeon Crawl Stone Soup version 0.22-a0-406-g9ff8d77 (webtiles) character file.

4727 4thArraOfDagon the Magician (level 10, -1/63 HPs)
             Began as a Mummy Fire Elementalist on May 8, 2018.
             Was an Elder of Sif Muna.
             Slain by an orc warrior
             ... wielding a +0 trident
              (20 damage)
             ... on level 8 of the Dungeon.
             The game lasted 00:17:52 (6761 turns).

4thArraOfDagon the Magician (MuFE)                  Turns: 6761, Time: 00:17:53

Health: -1/63      AC: 11    Str: 11    XL:     10   Next: 22%
Magic:  17/21      EV: 11    Int: 18    God:    Sif Muna [****..]
Gold:   331        SH:  0    Dex: 13    Spells: 11/24 levels left

rFire    x . .     SeeInvis +   h - +5 dagger (venom)
rCold    + + .     Gourm    .   (no shield)
rNeg     + + +     Faith    .   m - +2 leather armour {rC+}
rPois    ∞         Spirit   .   i - +2 helmet
rElec    .         Reflect  .   (no cloak)
rCorr    .         Harm     .   (no gloves)
MR       +....                  f - +2 pair of boots
Stlth    ++........             (no amulet)
HPRegen  0.20/turn              c - ring of see invisible
MPRegen  0.17/turn              (no ring)

@: divine energy
A: no food or potions, fire vulnerability, cold resistance 1, negative energy
resistance 3, torment resistance, unbreathing
a: Stop Divine Energy, Channel Magic, Forget Spell, Renounce Religion


You were on level 8 of the Dungeon.
You worshipped Sif Muna.
Sif Muna was greatly pleased with you.
You were not hungry.

You visited 1 branch of the dungeon, and saw 8 of its levels.
You also visited: Sewer.

You collected 331 gold pieces.

Inventory:

Hand Weapons
 h - a +5 dagger of venom (weapon)
Armour
 a - a +1 robe
 f - a +2 pair of boots (worn)
 i - a +2 helmet (worn)
 m - a +2 leather armour of cold resistance (worn)
Jewellery
 c - a ring of see invisible (left hand)
Wands
 o - a wand of polymorph (12)
 q - a wand of digging (9)
Scrolls
 b - 2 scrolls of enchant armour
 d - 6 scrolls of teleportation
 e - 2 scrolls of random uselessness
 g - 5 scrolls of identify
 j - 3 scrolls of noise
 k - 4 scrolls of fear
 l - 2 scrolls of amnesia
 n - 3 scrolls of remove curse
 p - a scroll of magic mapping {unknown}


   Skills:
 - Level 1.5 Dodging
 - Level 1.5 Stealth
 + Level 7.9 Spellcasting
 * Level 7.4 Conjurations
 * Level 7.8 Fire Magic
 + Level 5.0 Invocations


You had 11 spell levels left.
You knew the following spells:

 Your Spells              Type           Power        Failure   Level  Hunger
a - Flame Tongue          Conj/Fire      ####.        1%          1    N/A
b - Conjure Flame         Conj/Fire      ####....     1%          3    N/A
c - Sticky Flame          Conj/Fire      ####....     5%          4    N/A
d - Fireball              Conj/Fire      ####......   16%         5    N/A

Dungeon Overview and Level Annotations

Branches:
Dungeon (8/15)             Temple (0/1) D:5
   Lair: D:8-11

Altars:
Okawaru
Sif Muna
The Shining One

Shops:
D:4 [   D:5 !*=

Annotations:
D:5 Edmund
D:7 George's ghost, novice MiFi
D:8 dstrtnsr's ghost, novice DDFi


Innate Abilities, Weirdness & Mutations

You do not eat or drink.
Your flesh is vulnerable to fire.
You are immune to poison.
Your flesh is cold resistant. (rC+)
You are immune to negative energy. (rN+++)
You are immune to unholy pain and torment.
You can survive without breathing.


Message History

The orc hits you with a club.
Unknown command.
You completely miss the orc warrior.
The orc warrior is moderately wounded.
The orc warrior burns!
The orc warrior hits you with a trident!
The orc barely misses you.
Unknown command.
You closely miss the orc warrior.
The orc warrior is heavily wounded.
The orc warrior burns!
The orc warrior hits you with a trident.
The orc hits you but does no damage.
Unknown command.
Unknown command.
You completely miss the orc warrior.
The orc warrior is severely wounded.
The orc warrior burns!
The orc warrior hits you with a trident!!
You die...

#..# #....## #.
### #..# #.####
###.###.###..#
#.#####
.....#.......#
#......
...)......<..#
#######
###.##o######
#. #.# ##o##.#
#.#..@#.######
#.....o........
#.....#.#######
#..#.##.# #..#.
#.# #. .. ..# #
... ..# ....
... ... .#


You could see an orc warrior (burning) and an orc.

Vanquished Creatures
  A hydra (D:8)
  2 two-headed ogres (D:8)
  A hornet (D:7)
  Sigmund (D:2)
  4 hogs (D:7)
  A human (D:7)
  Menkaure (D:5)
  Purgy (Sewer)
  A black bear (D:8)
  4 ogres
  2 centaurs
  A bullfrog (D:8)
  A water moccasin skeleton (D:6)
  2 howler monkeys
  A crimson imp (D:5)
  A centaur zombie (D:7)
  2 quasits
  A hound (D:5)
  2 orc priests
  A bullfrog skeleton (D:4)
  3 iguanas
  2 orc wizards
  4 worker ants
  A hound zombie (D:4)
  A howler monkey zombie (D:6)
  5 adders
  5 worms
  A dart slug (D:1)
  10 leopard geckos
  29 orcs
  7 giant cockroaches
  11 goblins
  14 hobgoblins
  11 jackals
  2 ball pythons
  8 bats
  2 frilled lizards
  10 kobolds
  A leopard gecko skeleton (D:7)
  9 rats
167 creatures vanquished.

Notes
Turn   | Place    | Note
-------+----------+-------------------------------------------
     0 | D:1      | 4thArraOfDagon the Mummy Fire Elementalist began the quest for the Orb.
     0 | D:1      | Reached XP level 1. HP: 13/13 MP: 4/4
    57 | D:1      | Reached skill level 1 in Conjurations
   196 | D:1      | Reached XP level 2. HP: 8/19 MP: 0/5
   795 | D:1      | Reached XP level 3. HP: 24/24 MP: 0/7
  1201 | D:2      | Learned a level 3 spell: Conjure Flame
  1253 | D:2      | Found a glowing golden altar of the Shining One.
  1293 | D:3      | zero: Title: Invulnerable, blasted by Zewir the pandemonium lord (great blast of fire)
  1297 | D:3      | zero: Whaat
  1297 | D:3      | 4thArraOfDagon: ye :(
  1297 | D:3      | 4thArraOfDagon: through max rf :(
  1297 | D:3      | 4thArraOfDagon: 50dmg
  1302 | D:3      | zero: Dude :( rip
  1314 | D:3      | 4thArraOfDagon: mummies cant haste now, couldn't outdamage him :(
  1320 | D:3      | 4thArraOfDagon: and heal'*
  1337 | D:3      | 4thArraOfDagon: cant outdamage or outheal such enemies
  1475 | D:3      | Found a glowing drain.
  1493 | D:3      | Reached XP level 4. HP: 22/30 MP: 3/9
  1508 | D:3      | Learned a level 4 spell: Sticky Flame
  1509 | Sewer    | Entered a sewer
  1583 | Sewer    | Noticed Purgy
  1596 | Sewer    | Killed Purgy
  1596 | Sewer    | Reached XP level 5. HP: 20/35 MP: 6/10
  1785 | D:4      | zero: I guess regen++ won't help as well, only outrun those
  1791 | D:5      | Entered Level 5 of the Dungeon
  1864 | D:5      | Found a deep blue altar of Sif Muna.
  1865 | D:5      | Noticed Edmund
  2121 | D:5      | Became a worshipper of Sif Muna the Loreminder
  2203 | D:4      | 4thArraOfDagon: like cblink
  2203 | D:4      | 4thArraOfDagon: but the problem is
  2203 | D:4      | 4thArraOfDagon: that he fstormed me out of LOS
  2203 | D:4      | Sergey: hey
  2203 | D:4      | 4thArraOfDagon: he was in LOS
  2203 | D:4      | Sergey: I am in another dangerous situation
  2203 | D:4      | 4thArraOfDagon: but he firestormed me in the same turn he appeared in LOS
  2209 | D:4      | 4thArraOfDagon: ok, need help?
  2219 | D:4      | Sergey: ye
  2239 | D:4      | 4thArraOfDagon: ok, lest go
  2239 | D:4      | 4thArraOfDagon: to play some chess
  2334 | D:4      | Found Ypsag's Armour Emporium.
  2346 | D:4      | Noticed an ogre
  2357 | D:4      | Killed an ogre
  2357 | D:4      | Reached XP level 6. HP: 41/41 MP: 2/12
  2755 | D:2      | Reached skill level 1 in Invocations
  2920 | D:2      | Noticed Sigmund
  2944 | D:2      | Killed Sigmund
  2944 | D:2      | Reached * piety under Sif Muna
  2944 | D:2      | Reached XP level 7. HP: 46/46 MP: 8/14
  2971 | D:2      | Learned a level 5 spell: Fireball
  4351 | D:5      | Found Amiusefu's Distillery.
  4375 | D:5      | Found Qier's Jewellery Shoppe.
  4381 | D:5      | hmm
  4586 | D:5      | Reached skill level 5 in Spellcasting
  4608 | D:5      | Noticed Menkaure
  4612 | D:5      | Killed Menkaure
  4612 | D:5      | Reached skill level 5 in Fire Magic
  4745 | D:5      | Found a staircase to the Ecumenical Temple.
  4904 | D:5      | Found Zybaish's General Store.
  5126 | D:6      | Reached XP level 8. HP: 52/52 MP: 5/16
  5635 | D:7      | Reached skill level 5 in Conjurations
  5656 | D:7      | Noticed George's ghost (novice MiFi)
  5785 | D:7      | Reached ** piety under Sif Muna
  5931 | D:7      | Reached XP level 9. HP: 42/57 MP: 12/18
  6029 | D:7      | Found an iron altar of Okawaru.
  6095 | D:7      | Noticed a cyclops
  6388 | D:8      | Noticed a two-headed ogre
  6406 | D:8      | Killed a two-headed ogre
  6406 | D:8      | Reached *** piety under Sif Muna
  6408 | D:8      | Noticed an eight-headed hydra
  6529 | D:8      | Killed an eight-headed hydra
  6529 | D:8      | Reached XP level 10. HP: 63/63 MP: 0/21
  6538 | D:8      | Noticed dstrtnsr's ghost (novice DDFi)
  6539 | D:8      | WHAT
  6640 | D:8      | Noticed a two-headed ogre
  6653 | D:8      | Killed a two-headed ogre
  6653 | D:8      | Reached **** piety under Sif Muna
  6653 | D:8      | Reached skill level 5 in Invocations
  6761 | D:8      | Slain by an orc warrior

Vault maps used:
D:1:      lightli_arrival_chessboard
D:2:      first_ration, tso_altar, uniq_sigmund
D:3:      gup_sewer_entry_pipe
D:4:      kennysheep_the_goblin_king, serial_shops, shop, minmay_cut_off
D:5:      nicolae_overflow_crystal_walls, minmay_temple_entry_statues_pillars,
          serial_shops, nicolae_shop_statue_plus, kennysheep_mini_moat,
          shop_fountains, uniq_edmund, uniq_menkaure
D:7:      grunt_livestock, okawaru_trees_2
D:8:      gammafunk_temple_overflow_claw, minmay_misc_feat_five
Sewer:    sewer_the_crocodile

Skill      XL: |  1  2  3  4  5  6  7  8  9 10 |
---------------+-------------------------------+-----
Conjurations   | 1 2 3 4 5 7 |  7.4
Spellcasting   | 3 4 5 6 7 |  7.9
Fire Magic     | 3 4 5 6 7 |  7.8
Invocations    | 1 2 3 4 5 |  5.0
Dodging        | |  1.5
Stealth        | |  1.5

Action                   |  1- 3 |  4- 6 |  7- 9 | 10-12 || total
-------------------------+-------+-------+-------+-------++-------
Melee: Unarmed           |     7 |       |       |       ||     7
       Dagger            |    29 |    94 |   197 |     7 ||   327
 Cast: Flame Tongue      |    72 |    14 |    22 |     2 ||   110
       Conjure Flame     |       |     2 |    14 |       ||    16
       Sticky Flame      |       |     2 |    11 |     3 ||    16
       Fireball          |       |       |     3 |       ||     3
Invok: Divine Energy     |       |       |     1 |       ||     1
  Use: Scroll            |     2 |    11 |     1 |     1 ||    15
 Stab: Sleeping          |     1 |       |     1 |       ||     2
Armor: Robe              |    18 |    41 |    19 |       ||    78
       Leather armour    |       |       |    64 |     1 ||    65
Dodge: Dodged            |    71 |    57 |   110 |     5 ||   243

Table legend:
 A = Spawn XP
 B = Non-spawn XP
 C = Spawn XP percentage of total XP
 D = Spawn monster count
 E = Non-spawn monster count
 F = Spawn count percentage of total count
 G = Total turns spent on level
                    A         B        C        D         E        F      G
               +---------+---------+-------+---------+---------+-------+---------
         Total |       0 |    6754 |   0.0 |       0 |     167 |   0.0 |  6761
               +---------+---------+-------+---------+---------+-------+---------
           D:1 |       0 |      56 |   0.0 |       0 |      31 |   0.0 |  1115
           D:2 |       0 |     282 |   0.0 |       0 |      19 |   0.0 |   649
           D:3 |       0 |     121 |   0.0 |       0 |      31 |   0.0 |   965
           D:4 |       0 |     359 |   0.0 |       0 |      20 |   0.0 |  1109
           D:5 |       0 |     356 |   0.0 |       0 |      18 |   0.0 |   994
           D:6 |       0 |     418 |   0.0 |       0 |      13 |   0.0 |   585
           D:7 |       0 |    1710 |   0.0 |       0 |      21 |   0.0 |   844
           D:8 |       0 |    3314 |   0.0 |       0 |       8 |   0.0 |   352
         Sewer |       0 |     138 |   0.0 |       0 |       6 |   0.0 |   148
               +---------+---------+-------+---------+---------+-------+---------
